 Dungeon Crawl Stone Soup version 0.29-a0-222-g5b244fca1f (webtiles) character file.

Game seed: 17164901563974227513

2471 dolemite99 the Magician (level 9, -4/99 HPs)
             Began as a Gnoll Earth Elementalist on Feb 28, 2022.
             Was a Priest of Okawaru.
             Killed from afar by a steam dragon (27 damage)
             ... with a ball of steam
             ... on level 7 of the Dungeon.
             The game lasted 00:13:58 (11418 turns).

dolemite99 the Magician (Gnoll Earth Elementalist) Turns: 11418, Time: 00:13:59

Health: -4/99      AC: 24    Str:  5 (7)  XL:     9   Next: 51%
Magic:  1/19       EV:  2    Int: 17 (18) God:    Okawaru [***...]
Gold:   400        SH:  0    Dex: 13 (14) Spells: 11/21 levels left

rFire   . . .      SeeInvis .   a - +2 dagger (venom)
rCold   . . .      Faith    .   (no shield)
rNeg    . . .      Spirit   .   (body armour currently unavailable)
rPois   +          Reflect  .   (helmet currently unavailable)
rElec   .          Harm     .   (cloak currently unavailable)
rCorr   .          Rampage  .   (gloves currently unavailable)
Will    .....      NoTele   +   (boots currently unavailable)
Stlth   +++++.....              (no amulet)
HPRegen 0.26/turn               (no ring)
MPRegen 0.16/turn               (no ring)

@: tree-form, heroic
A: stationary, stasis, torment immunity, boosted hp, (fangs 1), strong nose,
distributed training
a: Renounce Religion, Heroism


You were on level 7 of the Dungeon.
You worshipped Okawaru.
Okawaru was most pleased with you.
You were a tree.
You visited 1 branch of the dungeon, and saw 7 of its levels.

You collected 400 gold pieces.

Inventory:

Hand Weapons
 a - a +2 dagger of venom (weapon)
 b - a +5 hunting sling
 B - a +1 whip of flaming
 C - a +2 short sword of venom
Missiles
 d - 10 stones
 g - 14 poisoned darts (quivered)
 j - 5 silver javelins
 u - a throwing net
 D - a curare-tipped dart
Armour
 f - a +0 robe (melded)
 n - a +2 helmet (melded)
 p - a +3 scale mail
Magical Staves
 q - a staff of poison
Jewellery
 i - an amulet of magic regeneration
Wands
 m - a wand of polymorph (3)
 s - a wand of flame (12)
 w - a wand of iceblast (14)
Scrolls
 l - 2 scrolls of fear
 t - a scroll of fog
 y - 2 scrolls of identify {@r1}
 z - 2 scrolls of teleportation
Potions
 c - 2 potions of lignification
 h - a potion of attraction {unknown}
 k - a potion of brilliance
 o - a potion of berserk rage {unknown}
 r - a potion of invisibility {unknown}
 v - a potion of magic {unknown}
 x - a potion of flight {unknown}
 A - a potion of cancellation {unknown}


   Skills:
 + Level 4.3(9.3) Fighting
 + Level 4.3(9.3) Short Blades
 + Level 4.3(9.3) Long Blades
 + Level 4.3(9.3) Axes
 + Level 4.3(9.3) Maces & Flails
 + Level 4.3(9.3) Polearms
 + Level 4.3(9.3) Staves
 + Level 4.3(9.3) Slings
 + Level 4.3(9.3) Bows
 + Level 4.3(9.3) Crossbows
 + Level 4.3(9.3) Throwing
 + Level 4.3(9.3) Armour
 + Level 6.3(11.3) Dodging
 + Level 6.1(11.1) Stealth
 + Level 4.3(9.3) Shields
 + Level 4.3(9.3) Unarmed Combat
 + Level 6.7 Spellcasting
 + Level 3.5 Conjurations
 + Level 3.5 Hexes
 + Level 3.5 Summonings
 + Level 3.5 Necromancy
 + Level 3.5 Translocations
 + Level 4.2 Transmutations
 + Level 3.5 Fire Magic
 + Level 3.5 Ice Magic
 + Level 3.5 Air Magic
 + Level 6.6 Earth Magic
 + Level 3.5 Poison Magic
 + Level 4.7 Invocations
 + Level 4.3 Evocations


You had 11 spell levels left.
You knew the following spells:

 Your Spells              Type           Power      Damage    Failure   Level
a - Sandblast             Erth           56%        2d13      1%          1
b - Stone Arrow           Conj/Erth      46%        3d9       4%          3
c - Petrify               Tmut/Erth      24%        N/A       13%         4
d - Passwall              Tmut/Erth      20%        N/A       1%          2

Your spell library contained the following spells:

 Spells                   Type           Power      Damage    Failure   Level
 Magic Dart               Conj           68%        1d6       2%          1
 Sting                    Tmut/Pois      72%        1d6       2%          1
 Poisonous Vapours        Pois/Air       34%        N/A       4%          2
 Mephitic Cloud           Conj/Pois/Air  17%        N/A       9%          3
 Olgreb's Toxic Radiance  Pois           17%        N/A       28%         4
 Call Imp                 Summ           Unusable   N/A       N/A         2

Dungeon Overview and Level Annotations

Branches:
Dungeon (7/15)             Temple (0/1) D:6

Altars:
Okawaru
Yredelemnul

Annotations:
D:7 Menkaure


Innate Abilities, Weirdness & Mutations

You are a tree.
Your roots penetrate the ground, keeping you stationary.
You cannot be teleported.
You are immune to unholy pain and torment.
Your maximum health is greatly increased.
Your equipment is partially melded.
((You have very sharp teeth.))
Your uncanny sense of smell can sniff out nearby items.
Your experience applies equally to all skills.


Message History

The steam dragon is lightly wounded.
You hit the steam dragon but do no damage.
The steam dragon is lightly wounded.
The steam dragon breathes steam at you. The ball of steam hits you!
The steam dragon bites you. The steam dragon claws you.
* * * LOW HITPOINT WARNING * * *
Items here: ))) †.
You barely miss the steam dragon. You punch the steam dragon!
The steam dragon is moderately wounded.
You hit the steam dragon but do no damage.
The steam dragon looks even sicker.
The steam dragon is moderately wounded.
The steam dragon breathes steam at you. The ball of steam misses you.
Okay, then.
You are engulfed in a cloud of scalding steam.
* * * LOW HITPOINT WARNING * * *
The steam dragon barely misses you. x2
An orc comes into view. It is wielding a +0 flail.
There is a stone staircase leading up, spattered with blood here.
Really quaff the potion of lignification?
You turn into a tree.
Your +2 helmet melds into your body.
Your +0 robe melds into your body.
Your roots penetrate the ground.
The steam dragon barely misses you.
The steam dragon claws you but does no damage.
It was a potion of degeneration.
There was something very wrong with that liquid.
You feel weakened.
You feel dopey.
You feel clumsy.
The steam dragon bites you but does no damage.
The steam dragon claws you but does no damage.
Okay, then.
Aiming: Throw Flame
Press: ? - help, Shift-Dir - straight line, f/p - steam dragon
Aim: a steam dragon (heavily wounded, very poisoned, 74% to hit)
The puff of flame hits the steam dragon!
The steam dragon is severely wounded.
The steam dragon breathes steam at you. The ball of steam hits you!!
You die...

.....# ##.##
.....####.#.##########
####.....###.........##
##.####.#.#######...###########
...........# ##...............
#.#####.))o####.....###########
. ##.#..).))...§# # #.
#.######D....# # #.#....♣..#..#
# ∆ ....#######..# # #.# #..# #
#.# #..# #.# ..# ..# ∆ .##


You could see a steam dragon (very poisoned, catching breath).

Vanquished Creatures
  Pikel (D:7)
  A water moccasin (D:6)
  2 black bears
  A hornet zombie (D:7)
  A sky beast (D:4)
  2 ogres
  2 centaurs
  A necrophage (D:5)
  2 lemures (D:7)
  3 kobold brigands
  2 scorpions
  A bullfrog zombie (D:7)
  4 centaur zombies (D:7)
  A jelly (D:6)
  A gnoll shaman (D:6)
  2 orc priests
  5 orc wizards
  Terence (D:2)
  2 iguanas
  2 killer bee zombies (D:7)
  Robin (D:2)
  7 adders
  7 gnolls
  A shadow imp (D:5)
  A white imp (D:7)
  An ufetubus (D:6)
  4 worms
  A dart slug (D:4)
  11 orcs
  6 endoplasms
  3 giant cockroaches
  13 goblins
  12 hobgoblins
  10 jackals
  18 kobolds
  A quokka (D:3)
  6 ball pythons
  7 bats
  2 frilled lizards
  2 rats
151 creatures vanquished.

Vanquished Creatures (others)
  An orc (D:7)
  A kobold (D:7)
  12 plants (D:2)
14 creatures vanquished.

Grand Total: 165 creatures vanquished

Notes
Turn   | Place    | Note
-------+----------+-------------------------------------------
     0 | D:1      | dolemite99 the Gnoll Earth Elementalist began the quest for
                  | the Orb.
     0 | D:1      | Reached XP level 1. HP: 13/13 MP: 6/6
   282 | D:1      | Found a faded altar of an unknown god.
   292 | D:1      | Prayed at the altar of an unknown god.
   292 | D:1      | Became a worshipper of Warmaster Okawaru
   292 | D:1      | Reached * piety under Okawaru
   599 | D:1      | Reached XP level 2. HP: 19/19 MP: 5/7
  1684 | D:3      | Reached XP level 3. HP: 25/25 MP: 6/9
  1689 | D:3      | Reached skill level 5 in Spellcasting
  1760 | D:3      | Noticed an ogre
  1775 | D:3      | Killed an ogre
  1776 | D:3      | Reached skill level 1 in Fighting
  1776 | D:3      | Reached skill level 1 in Short Blades
  1776 | D:3      | Reached skill level 1 in Long Blades
  1776 | D:3      | Reached skill level 1 in Axes
  1776 | D:3      | Reached skill level 1 in Maces & Flails
  1776 | D:3      | Reached skill level 1 in Polearms
  1776 | D:3      | Reached skill level 1 in Staves
  1776 | D:3      | Reached skill level 1 in Slings
  1776 | D:3      | Reached skill level 1 in Bows
  1776 | D:3      | Reached skill level 1 in Crossbows
  1776 | D:3      | Reached skill level 1 in Throwing
  1776 | D:3      | Reached skill level 1 in Armour
  1776 | D:3      | Reached skill level 1 in Shields
  1776 | D:3      | Reached skill level 1 in Unarmed Combat
  1776 | D:3      | Reached skill level 1 in Conjurations
  1776 | D:3      | Reached skill level 1 in Hexes
  1776 | D:3      | Reached skill level 1 in Summonings
  1776 | D:3      | Reached skill level 1 in Necromancy
  1776 | D:3      | Reached skill level 1 in Translocations
  1776 | D:3      | Reached skill level 1 in Fire Magic
  1776 | D:3      | Reached skill level 1 in Ice Magic
  1776 | D:3      | Reached skill level 1 in Air Magic
  1776 | D:3      | Reached skill level 1 in Poison Magic
  1776 | D:3      | Reached skill level 1 in Invocations
  1776 | D:3      | Reached skill level 1 in Evocations
  1776 | D:3      | Reached XP level 4. HP: 32/32 MP: 8/11
  1776 | D:3      | Reached XP level 5. HP: 37/37 MP: 8/12
  1784 | D:3      | Learned a level 3 spell: Stone Arrow
  1787 | D:3      | Learned a level 2 spell: Passwall
  1792 | D:3      | Learned a level 4 spell: Petrify
  2483 | D:2      | Noticed Robin
  2936 | D:2      | Noticed Terence
  3309 | D:2      | Killed Terence
  3482 | D:2      | Learned a level 1 spell: Sandblast
  3959 | D:2      | Killed Robin
  4498 | D:3      | Noticed a centaur
  4503 | D:2      | Killed a centaur
  4503 | D:2      | Reached ** piety under Okawaru
  4504 | D:2      | Reached XP level 6. HP: 36/44 MP: 10/14
  4771 | D:3      | Reached skill level 5 in Dodging
  5578 | D:4      | Reached XP level 7. HP: 47/50 MP: 12/15
  5753 | D:4      | Identified the -4 kite shield "Ameciec" {Str+2}
  6398 | D:5      | Entered Level 5 of the Dungeon
  6427 | D:4      | Reached skill level 5 in Stealth
  6601 | D:5      | Reached XP level 8. HP: 47/57 MP: 7/16
  6697 | D:5      | Reached *** piety under Okawaru
  9177 | D:6      | Found a staircase to the Ecumenical Temple.
  9702 | D:7      | Reached XP level 9. HP: 40/65 MP: 1/18
 10588 | D:7      | Found a basalt altar of Yredelemnul.
 10770 | D:7      | Noticed Pikel
 10786 | D:7      | Killed Pikel
 10786 | D:7      | Received a gift from Okawaru
 11031 | D:7      | Noticed Menkaure
 11418 | D:7      | Killed from afar by a steam dragon

Illustrated notes

Levels and vault maps discovered:
D:1:      lightli_arrival_noodles, layout_loops_ring,
          ebering_ecumenical_altar_sacrificial, serial_co_window_serial,
          co_window_paths_a, co_window_paths_a, co_window_paths_a,
          co_window_paths_a, co_window_paths_b, co_window_of_opportunity_c,
          co_window_cross_2, co_window_of_opportunity_b, co_window_cross_2,
          co_window_broadway_b, co_window_paths_e, co_window_paths_d,
          glass_columns_b, glass_columns_c, glass_columns_a, glass_columns_a,
          st_stairs_13, chequers_serial_rivers_micro_c
D:2:      layout_loops_ring, guppyfry_early_lair_pool, uniq_terence, uniq_robin
D:3:      layout_basic, nrook_loot_triangle, nicolae_elevator_lobby_asterisk
D:4:      layout_rooms, kennysheep_cross_bottleneck
D:5:      layout_basic
D:6:      layout_basic, minmay_temple_entry_grid, columned_hall_lemuel,
          minmay_misc_feat_plants
D:7:      layout_loops_ring, nicolae_yredelemnul_corpse_copse,
          kennysheep_small_spiral, uniq_menkaure, uniq_pikel

Skill      XL: |  1  2  3  4  5  6  7  8  9 |
---------------+----------------------------+-----
Transmutations | 2 3 4 |  4.2
Spellcasting   | 5 6 |  6.7
Fighting       | 1 2 3 4 |  4.3
Short Blades   | 1 2 3 4 |  4.3
Long Blades    | 1 2 3 4 |  4.3
Axes           | 1 2 3 4 |  4.3
Maces & Flails | 1 2 3 4 |  4.3
Polearms       | 1 2 3 4 |  4.3
Staves         | 1 2 3 4 |  4.3
Slings         | 1 2 3 4 |  4.3
Bows           | 1 2 3 4 |  4.3
Crossbows      | 1 2 3 4 |  4.3
Throwing       | 1 2 3 4 |  4.3
Armour         | 1 2 3 4 |  4.3
Shields        | 1 2 3 4 |  4.3
Unarmed Combat | 1 2 3 4 |  4.3
Conjurations   | 1 2 3 |  3.5
Hexes          | 1 2 3 |  3.5
Summonings     | 1 2 3 |  3.5
Necromancy     | 1 2 3 |  3.5
Translocations | 1 2 3 |  3.5
Fire Magic     | 1 2 3 |  3.5
Ice Magic      | 1 2 3 |  3.5
Air Magic      | 1 2 3 |  3.5
Poison Magic   | 1 2 3 |  3.5
Invocations    | 1 2 3 4 |  4.7
Evocations     | 1 2 3 4 |  4.3
Dodging        | 5 6 |  6.3
Stealth        | 5 6 |  6.1
Earth Magic    | 6 |  6.6

Action                   |  1- 3 |  4- 6 |  7- 9 || total
-------------------------+-------+-------+-------++-------
Melee: Bite              |     2 |     8 |     5 ||    15
       Dagger            |     1 |       |    11 ||    12
       Staff             |    14 |    67 |       ||    81
       Punch             |       |     1 |     2 ||     3
       Hunting sling     |       |     2 |       ||     2
       Short sword       |       |       |     6 ||     6
 Fire: Hunting sling     |       |    63 |   116 ||   179
Throw: Dart              |     2 |     8 |       ||    10
 Cast: Sandblast         |    35 |    27 |    98 ||   160
       Stone Arrow       |       |    22 |    22 ||    44
       Petrify           |       |       |     6 ||     6
Invok: Heroism           |       |       |    15 ||    15
Evoke: Wand              |       |       |    10 ||    10
  Use: Scroll            |       |    11 |     6 ||    17
       Potion            |       |       |     6 ||     6
 Stab: Petrified         |       |       |     2 ||     2
Armor: Robe              |     7 |    31 |    46 ||    84
       Skin              |       |       |     3 ||     3
Dodge: Dodged            |    23 |   108 |   152 ||   283

Table legend: (Time is in decaauts)
 A = Elapsed time spent in this place.
 B = Non-inter-level travel time spent in this place.
 C = Inter-level travel time spent in this place.
 D = Time resting spent in this place.
 E = Time spent auto-exploring this place.
 F = Levels seen in this place.
 G = Mean time per level.
                   A        B        C        D        E       F      G
               +--------+--------+--------+--------+--------+-----+--------+
         Total |  11483 |  11192 |    291 |   5305 |   4292 |   7 | 1640.4 |
       Dungeon |  11483 |  11192 |    291 |   5305 |   4292 |   7 | 1640.4 |
               +--------+--------+--------+--------+--------+-----+--------+

Top non-repeatable levels by time:
     D:2: 2370 daAuts
     D:6: 2165 daAuts
     D:1: 1676 daAuts
     D:7: 1506 daAuts
     D:3: 1463 daAuts
     D:5: 1272 daAuts
     D:4: 1029 daAuts
